 Dungeon Crawl Stone Soup version 0.25-a0-663-gace7076f2c (webtiles) character file.

Game seed: 2745335062002973715, levelgen mode: deterministic

58 Esekla the Stinger (level 4, -5/28 HPs)
             Began as an Octopode Venom Mage on Mar 24, 2020.
             Slain by Crazy Yiuf
             ... wielding a +3 quarterstaff of chaos
              (11 damage)
             ... on level 2 of the Dungeon.
             The game lasted 00:12:32 (2045 turns).

Esekla the Stinger (Octopode Venom Mage)            Turns: 2045, Time: 00:12:32

Health: -5/28      AC:  1    Str:  8    XL:     4   Next: 1%
Magic:  5/8        EV: 13    Int: 17    God:
Gold:   81         SH:  0    Dex: 12    Spells: 2/8 levels left

rFire    . . .     SeeInvis .   f - +0 short sword
rCold    . . .     Gourm    .   (no shield)
rNeg     . . .     Faith    .   (helmet restricted)
rPois    .         Spirit   .   (no amulet)
rElec    .         Reflect  .   n - ring of protection from magic
rCorr    .         Harm     .   (no ring)
MR       +....                  (no ring)
Stlth    +++.......             (no ring)
HPRegen  0.09/turn              (no ring)
MPRegen  0.11/turn              (no ring)
                                (no ring)
                                (no ring)

@: mighty, lightly drained
A: almost no armour, stealthy swim, amphibious, 8 rings, constrict 8, camouflage
1, gelatinous body 1
a: no special abilities


You were on level 2 of the Dungeon.
You were hungry.

You visited 1 branch of the dungeon, and saw 2 of its levels.

You collected 81 gold pieces.

Inventory:

Hand Weapons
 e - a +0 spear
 f - a +0 short sword (weapon)
Jewellery
 n - a ring of protection from magic (left tentacle)
Scrolls
 c - a scroll of random uselessness {unknown}
 g - 3 scrolls of identify {unknown}
 h - 4 scrolls of teleportation {unknown}
 i - 2 scrolls of amnesia {unknown}
 j - a scroll of noise {unknown}
 k - a scroll of enchant weapon {unknown}
 l - a scroll of fear {unknown}
 m - a scroll of fog {unknown}
Potions
 a - a potion of mutation {unknown}
 d - a potion of heal wounds {unknown}
Comestibles
 b - 5 rations


   Skills:
 * Level 1.3(1.0) Fighting
 + Level 2.1(1.8) Dodging
 + Level 3.2(2.9) Stealth
 * Level 2.7(2.4) Spellcasting
 * Level 0.2(0.0) Conjurations
 - Level 1.0(0.6) Transmutations
 * Level 0.4(0.1) Air Magic
 + Level 4.0(3.6) Poison Magic


You had 2 spell levels left.
You knew the following spells:

 Your Spells              Type           Power        Failure   Level  Hunger
a - Sting                 Tmut/Pois      #...         8%          1    #......
c - Mephitic Cloud        Conj/Pois/Air  #.......     32%         3    ###....
v - Poisonous Vapours     Pois/Air       #.....       13%         2    ##.....

Your spell library contained the following spells:

 Spells                   Type           Power        Failure   Level  Hunger
 Beastly Appendage        Tmut           #.....       14%         1    #......
 Sticks to Snakes         Tmut           #.......     22%         2    ##.....
 Spider Form              Tmut/Pois      #.........   22%         3    ###....
 Ignite Poison            Fire/Tmut/Pois #.......     30%         3    ###....
 Olgreb's Toxic Radiance  Pois           ##......     38%         4    #####..
 Ice Form                 Ice/Tmut       #.......     85%         4    #####..
 Blade Hands              Tmut           #.........   98%         5    ######.


Dungeon Overview and Level Annotations

Branches:
Dungeon (2/15)

Altars:

Annotations:
D:2 Crazy Yiuf


Innate Abilities, Weirdness & Mutations

You cannot wear most types of armour.
You are very stealthy in the water. (Stealth+)
You are amphibious.
You can wear up to eight rings at the same time.
You can use your tentacles to constrict eight enemies at once.
Your skin changes colour to match your surroundings (Stealth+).
Your rubbery body absorbs attacks. (AC +1, EV +1)


Message History

Crazy Yiuf flaps his cloak.
You barely miss Crazy Yiuf. You grab Crazy Yiuf.
You constrict Crazy Yiuf, but do no damage.
Crazy Yiuf cries, "Cake!
Scoff sallow chair."
Crazy Yiuf hits you with a +3 quarterstaff of chaos!
You feel very mighty all of a sudden.
You hit Crazy Yiuf but do no damage. You constrict Crazy Yiuf.
Crazy Yiuf misses you.
You hit Crazy Yiuf.
Crazy Yiuf is moderately wounded.
You constrict Crazy Yiuf.
Crazy Yiuf hits you with a +3 quarterstaff of chaos!
You feel drained.
* * * LOW HITPOINT WARNING * * *
You puncture Crazy Yiuf!
Crazy Yiuf is severely wounded.
You constrict Crazy Yiuf.
Crazy Yiuf whimpers, "Paint hand mobile!"
Crazy Yiuf hits you with a +3 quarterstaff of chaos!
You die...

#.......).......#
###.....(..########
...........#
...(.......# #####
.).........# #..)#
...........# #...#
####.......# .°.
.....#.....# #g#
.....#..#'## ♣♣@♣
.....#.<#.# ♣.♣♣
#'#####.#.# ♣♣.♣
#.......#.# ♣.♣♣
#######.#†# ♣♣.♣♣
#...#...## ♣...♣♣
#........# ♣....♣
###........# #....#
.........>.###....#


You could see Crazy Yiuf.

Vanquished Creatures
  A dart slug (D:2)
  4 leopard geckos
  3 giant cockroaches (D:1)
  5 goblins
  5 hobgoblins
  3 jackals (D:1)
  7 kobolds
  A quokka (D:2)
  7 bats
  5 frilled lizards
  5 rats
46 creatures vanquished.

Notes
Turn   | Place    | Note
-------+----------+-------------------------------------------
     0 | D:1      | Esekla the Octopode Venom Mage began the quest for the Orb.
     0 | D:1      | Reached XP level 1. HP: 11/11 MP: 3/3
   265 | D:1      | You fall into a shaft and drop 1 floor!
   687 | D:2      | Reached XP level 2. HP: 14/18 MP: 5/5
   804 | D:2      | Learned a level 2 spell: Poisonous Vapours
   886 | D:1      | Reached skill level 1 in Fighting
   913 | D:1      | Reached XP level 3. HP: 23/23 MP: 1/6
  1112 | D:1      | Learned a level 3 spell: Mephitic Cloud
  1119 | D:1      | Reached skill level 4 in Poison Magic
  1916 | D:2      | Reached XP level 4. HP: 17/28 MP: 1/8
  2036 | D:2      | Found a runed translucent door.
  2037 | D:2      | Noticed Crazy Yiuf
  2045 | D:2      | Slain by Crazy Yiuf

Levels and vault maps discovered:
D:1:      dpeg_arrival_circle_labyrinth_a, layout_basic
D:2:      layout_basic, minivault_24, uniq_crazy_yiuf_cottage

Skill      XL: |  1  2  3 |
---------------+----------+-----
Stealth        | 3 |  3.2
Fighting       | 1 |  1.3
Poison Magic   | 4 |  4.0
Dodging        | |  2.1
Spellcasting   | |  2.7
Conjurations   | |  0.2
Transmutations | |  1.0
Air Magic      | |  0.4

Action                   |  1- 3 |  4- 6 || total
-------------------------+-------+-------++-------
Melee: Spear             |     9 |       ||     9
       Unarmed           |     5 |       ||     5
       Constrict         |    16 |     1 ||    17
       Tentacles         |     4 |       ||     4
       Short sword       |    52 |     4 ||    56
 Cast: Sting             |     6 |       ||     6
       Poisonous Vapours |    20 |     1 ||    21
       Mephitic Cloud    |       |     1 ||     1
 Stab: Sleeping          |     6 |       ||     6
  Eat: Chunk             |     4 |       ||     4
Armor: Skin              |     6 |       ||     6
Dodge: Dodged            |    40 |     1 ||    41

Table legend:
 A = Non-vault XP
 B = Vault XP
 C = Vault XP percentage of total XP
 D = Non-vault monster count
 E = Vault monster count
 F = Vault count percentage of total count
                 A         B        C        D         E       F
            +---------+---------+-------+---------+---------+-------
      Total |      83 |       0 |   0.0 |      46 |       0 |   0.0
            +---------+---------+-------+---------+---------+-------
        D:1 |      44 |       0 |   0.0 |      26 |       0 |   0.0
        D:2 |      39 |       0 |   0.0 |      20 |       0 |   0.0
            +---------+---------+-------+---------+---------+-------
